cohdb
Replays
Latest Replays
All Replays
Popular Replays
Top Player Replays
Match Explorer
How It Works
Community
CoH3 Stats
Reddit
Sign in to upload your games and track your stats! →
Sign in with Steam
Match 42660701
Unlisted
Match 42660701
Overview
Messages
Build Orders
End
Selects Italian Combined Arms Battlegroup
Selects Bersaglieri Squad
Bersaglieri Squad
250 Light Carrier
Bersaglieri Squad
Construct Light Support Kompanie
Selects Bersaglieri Bolster
Fire Support Elements
2.5-tonne Medical Truck
Flakvierling Half-track
Pak 38 Mechanized Group
Bersaglieri Squad
Selects Breda Model 30 Light Machine Guns
Construct Panzerarmee Kommand
Construct Panzerarmee Kommand
Construct Mechanized Kompanie
Selects Semovente da 75/18 Assault Gun
Selects Strafing Run
StuG III D Assault Gun
StuG III D Assault Gun
Bersaglieri Squad
Strafing Run
Selects Artillery Cover
Panzerjäger Squad
Bersaglieri Squad
奕奇电脑(郑州百脑汇
Valar[M]orgHulis
Demion69
老贼羞走
[PD]Lurgi
ILoveGingers
Bananenratte
Pocket
0
0
Comments
sign in to comment!
No comments posted yet!